[Event "Late-Titled-Tuesday-Blitz-April-02-2024"]
[Site "Chess.com"]
[Date "2024.04.02"]
[Round "9"]
[White "rdarruda"]
[Black "Doublekk14"]
[Result "1-0"]
[WhiteElo "2486"]
[BlackElo "2362"]
[TimeControl "180+1"]
[EndTime "15:42:42 PDT"]
[Termination "rdarruda won on time"]

1. d4 Nf6 2. Nf3 d5 3. e3 e6 4.
c4 c5 5. Nc3 Nc6 6. cxd5 exd5 7. Be2 h6 8. O-O Be6 9. b3 Be7 10. dxc5 Bxc5 11. Bb2 O-O 12. Rc1 Qe7 13. Na4 Bd6 14. Nd4 Rac8 15. Nxc6 bxc6 16. h3 Bd7 17. Qd4 c5 18. Qh4 Ne4 19. Qxe7 Bxe7 20. Rfd1 Bxa4 21.
bxa4 Bf6 22. Bxf6 Nxf6 23. f3 Rfd8 24. Kf2 Rd7 25. Ba6 Rcc7 26. Bb5 Rd6 27. Rc3 a6 28. Be2 Rb6 29. Rd2 a5 30. Bb5 Kf8 31. Rdc2 c4 32.
Rd2 Ke7 33. Rd4 Rd6 34. g4 Nd7 35. e4 dxe4 36. Rxe4+ Kf6 37. Rexc4 Rxc4 38. Rxc4 Nb6 39.
Rc2 Ke7 40. Ke3 Kf6 41. Bc6 Nd5+ 42. Bxd5 Rxd5 43. Rc6+ Ke5 44. Rb6 Rc5 45. Rb5 Kd5 46.
Rb7 Kc4 47. Rxf7 g5 48. f4 gxf4+ 49. Rxf4+ Kc3 50. Rf5 1-0

[Event "Late-Titled-Tuesday-Blitz-April-02-2024"]
[Site "Chess.com"]
[Date "2024.04.02"]
[Round "9"]
[White "Kotlyar_K"]
[Black "GaiozNigalidze"]
[Result "1-0"]
[WhiteElo "2610"]
[BlackElo "2714"]
[TimeControl "180+1"]
[EndTime "15:42:45 PDT"]
[Termination "Kotlyar_K won on time"]

1. e4 e5 2. Nf3 Nc6 3. Bb5 a6 4. Ba4 Nf6 5. O-O b5 6. Bb3 Be7 7. Re1 O-O 8. h3 d6 9. c3 Na5 10. Bc2 c5 11. d4 Nc6 12. d5 Nb8 13. a4 Bb7 14. Na3 b4 15. Nc4 Nbd7 16. a5 Rb8 17.
cxb4 cxb4 18. Be3 Qc7 19. Bd3 Nc5 20. Bxc5 Qxc5 21. Rc1 Rfc8 22. Qd2 Re8 23. Ncxe5 Qxa5 24. Nc6 Bxc6 25. dxc6 Qb6 26. e5 dxe5 27. Nxe5 Rbc8 28. Bc4 Rf8 29. Nxf7 Bc5 30. Nd6+ Kh8 31. Nxc8 Rxc8 32. c7 Qxc7 33. Be6 Rd8 34. Qg5 Ne4 35. Rxe4 1-0

[Event "Late-Titled-Tuesday-Blitz-April-02-2024"]
[Site "Chess.com"]
[Date "2024.04.02"]
[Round "9"]
[White "ozates"]
[Black "Meri-Arabidze"]
[Result "1-0"]
[WhiteElo "2587"]
[BlackElo "2687"]
[TimeControl "180+1"]
[EndTime "15:42:45 PDT"]
[Termination "ozates won on time"]

1. e4 c5 2. Nf3 e6 3. d4 cxd4 4. Nxd4 Nc6 5. Nc3 Qc7 6. Qd3 Nf6 7. Ndb5 Qb8 8. Qg3 d6 9. Be3 e5 10. O-O-O Be6 11. Nxd6+ Bxd6 12. Qxg7 Rg8 13. Qxf6 a6 14. Nd5 Bxd5 15. Rxd5 Be7 16. Qh6 Qc7 17. Qxh7 Rf8 18. a3 Rc8 19. Bd3 Nd4 20. Bxd4 exd4 21. Qf5 Rg8 22.
g3 Rg6 23. h4 Rf6 24. Qg5 Rxf2 25. Qg8+ Bf8 26. Kb1 Rxc2 27. Bxc2 Qxc2+ 28. Ka1 Qxe4 29. Qg5 Qxh1+ 30. Ka2 Be7 31. Qg8+ Bf8 32. Qg5 Be7 33. Re5 Rc7 34. Qg8+ Kd7 35. Qxf7 Kd8 36. Qg8+ Kd7 37. Qe6+ Kd8 38. Rd5+ Ke8 39. Qg6+ Kf8 40. Rf5+ 1-0

[Event "Late-Titled-Tuesday-Blitz-April-02-2024"]
[Site "Chess.com"]
[Date "2024.04.02"]
[Round "9"]
[White "subham777"]
[Black "Supelyel"]
[Result "1-0"]
[WhiteElo "2569"]
[BlackElo "2426"]
[TimeControl "180+1"]
[EndTime "15:42:46 PDT"]
[Termination "subham777 won by resignation"]

1. e4 d6 2. g3 Nf6 3. Bg2 e5 4. Ne2 Nbd7 5. O-O Be7 6. c3 O-O 7. d4 c6 8. h3 Re8 9. f4 Bf8 10.
dxe5 dxe5 11. f5 Nc5 12. Qc2 Qd3 13. Qxd3 Nxd3 14. g4 Bc5+ 15. Kh2 h6 16. Nd2 b6 17.
Nb3 Nxc1 18. Raxc1 Be3 19. Rcd1 Ba6 20. Bf3 Rad8 21.
Kg2 Bxe2 22. Bxe2 Nxe4 23. Bf3 Nd2 24. Nxd2 Rxd2+ 25. Rxd2 Bxd2 26. Bxc6 Rd8 27. Rd1 Bg5 28. Rxd8+ Bxd8 29. Kf3 Kf8 30. Ke4 Bc7 31. Kd5 Ke7 32.
c4 a5 33. a3 Bd6 34. Bb7 Bc5 35. Kxe5 g6 36. fxg6 fxg6 37. Be4 h5 38. Bxg6 hxg4 39. hxg4 Bf2 40. Kd5 Kf6 41. Bf5 Bc5 42. Kc6 Ke5 43.
Kb5 Kd4 44. b4 axb4 45. axb4 Be7 46. Be6 Ke5 47. Bd5 Bd8 48. Kc6 Kf4 49. Be6 Ke5 50. Kd7 Bg5 51. c5 bxc5 52. bxc5 Kf6 53. c6 Bf4 54.
Bf5 1-0

[Event "Late-Titled-Tuesday-Blitz-April-02-2024"]
[Site "Chess.com"]
[Date "2024.04.02"]
[Round "9"]
[White "lilylg"]
[Black "laskakid"]
[Result "0-1"]
[WhiteElo "2228"]
[BlackElo "2314"]
[TimeControl "180+1"]
[EndTime "15:42:46 PDT"]
[Termination "laskakid won by resignation"]

1. d4 d6 2. c4 e5 3. dxe5 dxe5 4. Qxd8+ Kxd8 5. Nf3 f6 6. Nc3 c6 7. g3 Be6 8. b3 Bb4 9. Bd2 Nd7 10. O-O-O Kc7 11. Bg2 Ne7 12. Kb2 Bc5 13. Ne4 a5 14.
Bc3 Bb6 15. e3 Nc5 16. Nxc5 Bxc5 17. Nd2 Nf5 18. Ne4 Be7 19. Rd2 h5 20. h4 Nh6 21.
Bh3 Bxh3 22. Rxh3 Rad8 23. Rxd8 Rxd8 24. Rh1 Bb4 25. Kc2 Bxc3 26. Nxc3 Ng4 27. Rf1 f5 28. Nd1 e4 29. Nc3 Rd3 30. Ne2 Rxe3 31. Nd4 g6 32.
Ne6+ Kd6 33. Nf4 Rf3 34. Nxg6 Ne3+ 35. fxe3 Rxf1 36. Nf4 Rf3 37. Nxh5 Rxe3 38. Ng7 Re2+ 39. Kd1 Rf2 40. h5 Ke5 41. h6 Rh2 42. Ne8 Rxh6 43. Ke2 Rh8 44. Ng7 Kf6 0-1

[Event "Late-Titled-Tuesday-Blitz-April-02-2024"]
[Site "Chess.com"]
[Date "2024.04.02"]
[Round "9"]
[White "RebelJohnny"]
[Black "ChessSwole"]
[Result "0-1"]
[WhiteElo "2624"]
[BlackElo "2713"]
[TimeControl "180+1"]
[EndTime "15:42:47 PDT"]
[Termination "ChessSwole won on time"]

1. e4 e5 2. Nf3 Nc6 3. Nc3 Nf6 4. d4 exd4 5. Nxd4 Bb4 6. Nxc6 bxc6 7. Bd3 d5 8. exd5 O-O 9. O-O Bg4 10. Ne2 cxd5 11. h3 Bh5 12. c4 Re8 13. Qc2 Bg6 14.
Bxg6 hxg6 15. Bg5 Qe7 16. Nf4 d4 17. Nd5 Qd6 18. Bxf6 gxf6 19. a3 Ba5 20. b4 c6 21.
Nxf6+ Qxf6 22. bxa5 c5 23. Rfe1 Red8 24. Rad1 Rab8 25.
Qe4 Qa6 26. h4 Qxc4 27. h5 Qd5 28. hxg6 Qxe4 29. gxf7+ Kxf7 30. Rxe4 Rb3 31. a4 Ra3 32. Rh4 d3 33. Rc4 Rd5 34. g3 Ke6 35. Kg2 Re5 36. Kf3 Kd5 37. Rdc1 Kd6 38. Rd1 Kd5 39. Rdc1 d2+ 0-1

[Event "Late-Titled-Tuesday-Blitz-April-02-2024"]
[Site "Chess.com"]
[Date "2024.04.02"]
[Round "9"]
[White "PapaieDudu"]
[Black "BillCoe"]
[Result "1-0"]
[WhiteElo "2386"]
[BlackElo "2137"]
[TimeControl "180+1"]
[EndTime "15:42:49 PDT"]
[Termination "PapaieDudu won on time"]

1. Nf3 c5 2. e3 g6 3. d4 Bg7 4. c4 cxd4 5. exd4 d6 6. Nc3 Nf6 7.
Bd3 O-O 8. O-O a6 9. Qe2 Nc6 10. Rd1 Bg4 11. Be3 Rb8 12. h3 Bd7 13. d5 Nb4 14. Bb1 a5 15. Nd4 Na6 16. b3 Nc5 17.
a3 Qc8 18. Bc2 Bxh3 19. gxh3 Qxh3 20. Qf1 Qh5 21. Qe2 Qh3 22. Qf3 Qh4 23. Rab1 Ncd7 24.
Qg3 Qh5 25. Bd3 Ne5 26. Be2 Nfg4 27. f4 f5 28. fxe5 Bxe5 29. Bxg4 fxg4 30. Qg2 Bxd4 31. Rxd4 Rf3 32. Re1 Rbf8 33. Qxg4 Rh3 34. Qxh5 Rxh5 35. Ne4 Rf3 36. c5 Re5 37. cxd6 exd6 38. b4 h6 39.
Bxh6 Rxa3 40. Bf4 Rf5 41. Nxd6 Rh5 42. Re8+ Kh7 43. Be5 Rg5+ 44. Kf2 Ra2+ 45. Ke3 1-0

[Event "Late-Titled-Tuesday-Blitz-April-02-2024"]
[Site "Chess.com"]
[Date "2024.04.02"]
[Round "9"]
[White "flawian2008"]
[Black "sergoy"]
[Result "0-1"]
[WhiteElo "2564"]
[BlackElo "2918"]
[TimeControl "180+1"]
[EndTime "15:42:51 PDT"]
[Termination "sergoy won by resignation"]

1. e4 c5 2. Nf3 d6 3. d4 cxd4 4. Nxd4 Nf6 5. f3 e5 6. Nb3 Be6 7. c4 Nbd7 8. Nc3 Be7 9. Be3 O-O 10. Be2 a5 11. O-O a4 12. Nd2 a3 13. b3 Qa5 14.
Rc1 Rfc8 15. Nd5 Bd8 16. b4 Qa4 17. Qb3 Bxd5 18. cxd5 Qxb3 19. Nxb3 Bb6 20. Kf2 Kf8 21.
Bb5 Ke7 22. Bxb6 Nxb6 23. Na5 Rab8 24. Ke3 Nfd7 25. Kd2 f5 26. Rxc8 Nxc8 27. Rc1 Na7 28. Bd3 fxe4 29. Bxe4 Kd8 30. Bxh7 Nf6 31. Be4 Kd7 32.
Nc4 Nxe4+ 33. fxe4 Nb5 34. Rf1 Ke7 35. Rf3 Ra8 36.
Rg3 Kf7 37. Kc2 Ra4 38. Kb3 Ra8 39.
Rf3+ Ke7 40. Rg3 Nd4+ 41. Kc3 Ne2+ 42. Kd2 Nxg3 43. hxg3 Rh8 44. Ne3 Rh1 45. Nf5+ Kd7 46.
Kc3 g6 47. Ne3 Re1 48. Nc4 Re2 49. Kb3 Rxg2 50. Kxa3 Rxg3+ 51. Ka4 g5 52. Kb5 g4 53.
a4 Rc3 0-1

[Event "Late-Titled-Tuesday-Blitz-April-02-2024"]
[Site "Chess.com"]
[Date "2024.04.02"]
[Round "9"]
[White "GoValya"]
[Black "KetiTsatsalashvili"]
[Result "0-1"]
[WhiteElo "2248"]
[BlackElo "2416"]
[TimeControl "180+1"]
[EndTime "15:42:53 PDT"]
[Termination "KetiTsatsalashvili won on time"]

1. d4 Nf6 2. Nf3 e6 3. g3 d5 4. Bg2 Be7 5. O-O O-O 6. c4 c6 7. Nc3 b6 8. b3 Ba6 9. Ne5 Nfd7 10. cxd5 cxd5 11. Nd3 Nc6 12. e3 Nb4 13. Nxb4 Bxb4 14.
Ne2 Rc8 15. Bd2 Ba3 16. Re1 Qe7 17. Nf4 h6 18. e4 dxe4 19. Bxe4 Nf6 20. Bg2 Bb2 21.
d5 Bxa1 22. Qxa1 Qd6 23. Bc3 exd5 24. Be5 Qd8 25. Bxf6 Qxf6 26. Qxf6 gxf6 27. Nxd5 Kg7 28. Ne7 Rc2 29. Nf5+ Kh8 30. Nxh6 Rxa2 31. Bd5 Bd3 32.
Re3 Bg6 33. Kg2 a5 34. h4 Kg7 35. Ng4 Rd2 36. Bc4 Rfd8 37. Nh2 R2d4 38. g4 a4 39. h5 Be4+ 40. f3 Bc6 41. Kg3 a3 42. g5 fxg5 43. Ng4 a2 44. h6+ Kh8 45.
Re1 Rd1 46. Re7 Be8 47. Nf6 a1=Q 48. Nxe8 Rg1+ 0-1

[Event "Late-Titled-Tuesday-Blitz-April-02-2024"]
[Site "Chess.com"]
[Date "2024.04.02"]
[Round "9"]
[White "egnfanclub"]
[Black "jaskol95"]
[Result "0-1"]
[WhiteElo "2376"]
[BlackElo "2542"]
[TimeControl "180+1"]
[EndTime "15:42:54 PDT"]
[Termination "jaskol95 won by checkmate"]

1. e4 c5 2. Nc3 e6 3. f4 d5 4.
Nf3 Nf6 5. Bb5+ Nc6 6. e5 Nd7 7.
Bxc6 bxc6 8. d3 Be7 9. O-O Rb8 10.
b3 f6 11. Qe2 fxe5 12. fxe5 O-O 13. Na4 Qc7 14. c4 Rf5 15. Bb2 Nf8 16. Rae1 Bd7 17. d4 cxd4 18. Nxd4 Rxf1+ 19. Qxf1 Ng6 20. Nf3 c5 21. Nc3 Bc6 22. cxd5 exd5 23. Qd3 d4 24. Qc4+ Kh8 25. Ne4 Nxe5 26. Qe6 Nxf3+ 27. gxf3 Rf8 28.
Ng3 Bh4 29. Qg4 Bxg3 30. Qxg3 Qa5 31. Re7 Rg8 32. Qe5 Qd2 33. Qe2 Qg5+ 34. Kf2 Rf8 35. Bc1 Qh4+ 36. Kg1 h6 37. f4 Qf6 38. Qe5 Qg6+ 39.
Kf1 Qg2+ 40. Ke1 Bf3 41. Re8 Rxe8 42. Qxe8+ Kh7 43. Qe5 Qg1+ 44. Kd2 Qd1# 0-1

[Event "Late-Titled-Tuesday-Blitz-April-02-2024"]
[Site "Chess.com"]
[Date "2024.04.02"]
[Round "9"]
[White "SpeedofLight0"]
[Black "Sargsyan_Shant"]
[Result "1-0"]
[WhiteElo "3096"]
[BlackElo "2978"]
[TimeControl "180+1"]
[EndTime "15:42:55 PDT"]
[Termination "SpeedofLight0 won on time"]

1. d4 d5 2. Nc3 Bf5 3. Bf4 e6 4.
e3 Bd6 5. Nf3 Bxf4 6. exf4 Bg4 7. h3 Bxf3 8. Qxf3 c6 9. O-O-O Ne7 10. g4 Nd7 11. h4 Qc7 12. Re1 O-O-O 13. f5 e5 14.
dxe5 Nxe5 15. Qg3 f6 16. f4 Nf7 17. Qe3 Rd7 18. Qxa7 Qxf4+ 19. Kb1 Qb8 20. Qa5 Qc7 21. Qa8+ Qb8 22. Qa3 Ne5 23. Na4 Qa7 24. Qb4 Kc7 25. Nc5 Ra8 26. a3 Rd6 27. g5 Nxf5 28. gxf6 gxf6 29.
Rg1 Nd7 30. Nxd7 Qxg1 31. Nc5 b6 32. Na6+ Kb7 33. Bd3 Qg3 34. Nc5+ Kc7 35. Bxf5 bxc5 36. Re7+ Kd8 37. Qb7 1-0

[Event "Late-Titled-Tuesday-Blitz-April-02-2024"]
[Site "Chess.com"]
[Date "2024.04.02"]
[Round "9"]
[White "jcibarra"]
[Black "mishanick"]
[Result "0-1"]
[WhiteElo "2975"]
[BlackElo "3058"]
[TimeControl "180+1"]
[EndTime "15:42:55 PDT"]
[Termination "mishanick won by resignation"]

1. e4 c5 2. Nf3 d6 3. d4 cxd4 4. Nxd4 Nf6 5. Nc3 a6 6. g3 e5 7. Nb3 Be7 8. Bg5 Nbd7 9. a4 h6 10. Be3 Nf8 11. a5 Be6 12. Nd5 Nxd5 13. exd5 Bf5 14.
Bg2 Rc8 15. c3 Ng6 16. O-O O-O 17. Nd2 Bg5 18. Bb6 Qe7 19. Ne4 Bxe4 20. Bxe4 f5 21.
Bg2 e4 22. f4 exf3 23. Qxf3 Ne5 24. Qe2 f4 25. Rae1 f3 26. Qe4 fxg2 27. Kxg2 Rxf1 28.
Rxf1 Rf8 29. Re1 Qd7 30. h4 Bf6 31. c4 Qa4 32. Bc7 Rc8 33. Bxd6 Rxc4 34. Qf5 Qc2+ 35.
Qxc2 Rxc2+ 36. Kh3 Nf3 37. Re8+ Kf7 38. Rf8+ Kg6 39. g4 h5 40. gxh5+ Kxh5 41. Rh8+ Kg6 42. Kg4 Ne5+ 43. Bxe5 Bxe5 44. h5+ Kf7 45. Rd8 Rc7 46.
Kf5 Bf6 47. Rb8 Re7 48. b4 Re5+ 49.
Kf4 Rxd5 50. Rxb7+ Ke6 51. Rb6+ Rd6 52. Rb7 Rd4+ 53.
Ke3 Rd5 54. Rb6+ Rd6 55. Rb7 Kf5 56. Ke2 Kf4 57. b5 axb5 58. Rxb5 Bc3 59. Rb6 Rxb6 60.
axb6 Kg5 61. h6 Kxh6 62. Kd3 Be5 63. Ke4 Bb8 64. Kf5 g5 65. Kg4 Kg6 66. b7 Kf6 67. Kh3 Kf5 68. Kg2 g4 69. Kh1 Kf4 70. Kg2 g3 71.
Kh3 Kf3 72. Kh4 g2 73. Kh3 g1=Q 0-1

[Event "Late-Titled-Tuesday-Blitz-April-02-2024"]
[Site "Chess.com"]
[Date "2024.04.02"]
[Round "9"]
[White "OlaaLa"]
[Black "prochn"]
[Result "1-0"]
[WhiteElo "2424"]
[BlackElo "2491"]
[TimeControl "180+1"]
[EndTime "15:42:55 PDT"]
[Termination "OlaaLa won by checkmate"]

1. c4 c6 2. d4 d5 3. e3 Nf6 4.
Nf3 Bf5 5. Nc3 e6 6. c5 b6 7.
cxb6 axb6 8. Bd3 Bxd3 9. Qxd3 Be7 10. O-O O-O 11. Ne5 c5 12. Qb5 cxd4 13. exd4 Nfd7 14.
Bf4 Nxe5 15. Bxe5 Bd6 16. f4 Bxe5 17. fxe5 Qh4 18. Rad1 Na6 19. Rf3 f5 20. Qxb6 Qe7 21. Qd6 Qf7 22. b3 Rfd8 23. Qa3 Rdc8 24. Nb5 Nc5 25.
Qb2 Ne4 26. Nd6 Nxd6 27. exd6 Qd7 28. b4 Qxd6 29. b5 Rcb8 30. Rb3 Ra4 31. b6 Rb7 32. Rc1 h6 33. g3 Ra6 34. Rb1 f4 35. gxf4 Qxf4 36.
Rf1 Qd6 37. Rc3 Raxb6 38. Rc8+ Kh7 39. Qc2+ g6 40. Qf2 Kg7 41. Qf6+ Kh7 42. Rh8# 1-0

[Event "Late-Titled-Tuesday-Blitz-April-02-2024"]
[Site "Chess.com"]
[Date "2024.04.02"]
[Round "9"]
[White "IMRosen"]
[Black "Tugrik1969"]
[Result "1-0"]
[WhiteElo "2686"]
[BlackElo "2562"]
[TimeControl "180+1"]
[EndTime "15:42:56 PDT"]
[Termination "IMRosen won on time"]

1. d4 d5 2. Bf4 c5 3. Nc3 e6 4.
e4 cxd4 5. Qxd4 Nc6 6. Bb5 Bd7 7. Qd2 d4 8. Nce2 Bb4 9. c3 dxc3 10. bxc3 Be7 11.
Nf3 Nf6 12. e5 Nd5 13. O-O O-O 14. c4 Nxf4 15. Qxf4 a6 16. Ba4 Nxe5 17. Rad1 Nc6 18. Bxc6 bxc6 19. Ne5 Ra7 20. Nxc6 Bxc6 21. Rxd8 Rxd8 22.
h4 Rad7 23. h5 h6 24. Ng3 Bg5 25. Qe5 Bf6 26. Qa5 Bb7 27. Qb6 Bd4 28. c5 Rc8 29. Rc1 Rc6 30. Qb4 e5 31. Ne4 Rc8 32. Nd2 Bd5 33.
Nb3 Rb7 34. Qa3 Bxb3 35. axb3 Rc6 36. b4 Kh7 37. Qd3+ Kg8 38. Qc4 Rb5 39. Rc2 1-0

[Event "Late-Titled-Tuesday-Blitz-April-02-2024"]
[Site "Chess.com"]
[Date "2024.04.02"]
[Round "9"]
[White "NitaLucian"]
[Black "JaackCamel"]
[Result "1-0"]
[WhiteElo "2348"]
[BlackElo "2202"]
[TimeControl "180+1"]
[EndTime "15:42:57 PDT"]
[Termination "NitaLucian won on time"]

1. e4 e6 2. d3 d5 3. Nd2 c5 4.
Ngf3 Nc6 5. Be2 Nf6 6. O-O g6 7.
c3 Bg7 8. e5 Nd7 9. d4 cxd4 10.
cxd4 O-O 11. Nb3 a5 12. Bg5 Qb6 13. Rb1 a4 14. Na1 Qa5 15. Bd2 Qa7 16. Nc2 b5 17. a3 Ba6 18. Bc3 Nb6 19. Nb4 Rfc8 20. Nxc6 Rxc6 21.
Bb4 Nc4 22. Bc5 Rxc5 23. dxc5 Qxc5 24. Bxc4 bxc4 25. Re1 Bb5 26. Qd4 Qc6 27. Rbc1 Rb8 28. Qd2 Qa6 29. Nd4 Be8 30. Rc3 Qb7 31. Re2 Qc7 32. Qf4 Qb6 33. Rh3 Rc8 34. Qh4 h6 35. Rc3 Rb8 36. Qf4 Rc8 37. Qe3 Qb7 38. f4 Bf8 39. g4 Bc5 40. Rd2 Qb6 41. Kg2 Kg7 42. f5 gxf5 43. gxf5 Kh7 44. f6 Bd7 45. Qf4 Rg8+ 46. Kf1 Rg6 47. Rg3 Rxg3 48. hxg3 Bxd4 49.
Rh2 Be3 50. Rxh6+ Kg8 51. Qg4+ 1-0

[Event "Late-Titled-Tuesday-Blitz-April-02-2024"]
[Site "Chess.com"]
[Date "2024.04.02"]
[Round "9"]
[White "TigrVShlyape"]
[Black "Byniolus"]
[Result "1-0"]
[WhiteElo "2954"]
[BlackElo "2782"]
[TimeControl "180+1"]
[EndTime "15:42:58 PDT"]
[Termination "TigrVShlyape won by resignation"]

1. e4 d6 2. d4 Nf6 3. Nc3 c6 4. Nf3 Bg4 5. Be2 e6 6. O-O d5 7.
Ne5 Bxe2 8. Qxe2 Be7 9. Rd1 O-O 10. Nf3 Nbd7 11. Bf4 Bb4 12. e5 Ne8 13. Nb1 Be7 14. Nbd2 c5 15. c3 Rc8 16. Nf1 Qb6 17. Ng3 Nc7 18.
h4 cxd4 19. Nxd4 Bxh4 20. Nh5 g6 21. Rd3 Qa6 22. Bh6 Rfd8 23. Rad1 Ne8 24. Qg4 Be7 25. Qf4 f5 26. exf6 Nexf6 27. Nxf6+ Bxf6 28. Nf3 Re8 29. Qg4 Rc4 30. Qh3 Ne5 31. Nxe5 Bxe5 32. Re3 Bg7 33. Rxd5 Qxa2 34. Bxg7 Qa1+ 35. Kh2 Qa4 36.
Bf6 exd5 37. Qh6 Rc7 38. Bd4 Rf7 39. Rg3 Qc6 40. f4 Qe6 41. Rg5 Qe4 42. f5 Re5 43.
fxg6 hxg6 44. Rxe5 Qf4+ 45. Qxf4 Rxf4 46. Rxd5 1-0

[Event "Late-Titled-Tuesday-Blitz-April-02-2024"]
[Site "Chess.com"]
[Date "2024.04.02"]
[Round "9"]
[White "azikom"]
[Black "Fengwi"]
[Result "1/2-1/2"]
[WhiteElo "2653"]
[BlackElo "2478"]
[TimeControl "180+1"]
[EndTime "15:42:58 PDT"]
[Termination "Game drawn by repetition"]

1. c4 e6 2. Nc3 d5 3. e3 Nf6 4. Nf3 b6 5. cxd5 exd5 6. d4 Bb7 7. Ne5 Bd6 8. Bb5+ c6 9. Bd3 O-O 10. O-O c5 11. f4 Nc6 12. Kh1 cxd4 13. exd4 Nxd4 14.
Bxh7+ Nxh7 15. Qxd4 Bc5 16. Qd3 d4 17. Ne2 Qd5 18. Nf3 Rad8 19. a3 a5 20. Ng3 Rfe8 21. Bd2 Nf6 22. b4 axb4 23. axb4 Bf8 24. Ra7 Ne4 25.
Nxe4 Qxe4 26. Qxe4 Bxe4 27. h3 d3 28. Ne5 f6 29.
Nc4 b5 30. Ne3 Ra8 31. Rfa1 Rxa7 32. Rxa7 Bg6 33. f5 Bf7 34. Rd7 Bxb4 35. Bxb4 Rxe3 36.
Kh2 Bc4 37. Rd8+ Kh7 38. g4 Re2+ 39. Kg3 Rb2 40. Bc3 Rb3 41. Bd2 Rb2 42. Bc3 Rc2 43. Bb4 Rb2 44. Bc3 1/2-1/2

[Event "Late-Titled-Tuesday-Blitz-April-02-2024"]
[Site "Chess.com"]
[Date "2024.04.02"]
[Round "9"]
[White "Cuchulin"]
[Black "arturdailima"]
[Result "0-1"]
[WhiteElo "2138"]
[BlackElo "2392"]
[TimeControl "180+1"]
[EndTime "15:42:58 PDT"]
[Termination "arturdailima won by checkmate"]

1. d4 d5 2. Bf4 c5 3. e3 cxd4 4. exd4 Qb6 5. b3 Nc6 6. c3 Bf5 7. Nf3 e6 8. Bd3 Bxd3 9. Qxd3 Nf6 10. Nbd2 Be7 11. O-O O-O 12. Rfe1 Rac8 13. Rac1 Rfd8 14. Ne5 h6 15. Re3 Nb4 16. Qb1 Nc6 17. Bxh6 gxh6 18. Rg3+ Kf8 19. Nxf7 Kxf7 20. Qg6+ Kf8 21. Nf3 Qc7 22.
Ne5 Nxe5 23. dxe5 Qxe5 24. Qxh6+ Ke8 25. Re3 Qf5 26. Rce1 Rc6 27. Re5 Qd3 28. h3 Kd7 29. R5e3 Qf5 30. Rf3 Qh5 31. Rxf6 Qxh6 32. Rxh6 Rf8 33.
g3 Rf6 34. Rh7 Rxc3 35. Re2 Ke8 36. Kg2 Kd7 37. g4 Kd6 38. g5 Rf5 39. h4 Rf4 40. g6 Rg4+ 41. Kf1 Rc1+ 42. Re1 Rxe1+ 43. Kxe1 Rxg6 44. h5 Rg1+ 45. Ke2 Rh1 46. Kf3 d4 47. Kg2 Rh4 48. Kg3 d3 49. Kf3 Rd4 50. Ke3 d2 51.
Kxd4 d1=Q+ 52. Ke3 Bg5+ 53. Ke4 Qd5# 0-1

[Event "Late-Titled-Tuesday-Blitz-April-02-2024"]
[Site "Chess.com"]
[Date "2024.04.02"]
[Round "9"]
[White "bascheyaro"]
[Black "CarlosjPineror"]
[Result "1-0"]
[WhiteElo "2828"]
[BlackElo "2682"]
[TimeControl "180+1"]
[EndTime "15:43:01 PDT"]
[Termination "bascheyaro won on time"]

1. d4 Nf6 2. Nf3 d6 3. Bf4 g6 4. e3 Bg7 5. Be2 O-O 6. h3 Nc6 7. O-O Nd7 8. Bg3 e5 9. Nc3 h6 10. Bb5 Re8 11. dxe5 Ncxe5 12. Nxe5 Bxe5 13. Bxe5 Rxe5 14.
Qf3 c6 15. Bd3 Re8 16. Qg3 Nf6 17. Bxg6 fxg6 18. Qxg6+ Kh8 19. Qxh6+ Kg8 20. Rad1 Re6 21. Qg5+ Kf7 22. Rd4 Qg8 23. Qh4 Bd7 24. Rfd1 d5 25.
Rf4 Qg6 26. e4 Rg8 27. g3 Rge8 28. Kh2 Re5 29. exd5 Kg7 30. dxc6 Bxc6 31. g4 Re1 32. Rxe1 Rxe1 33. Rf5 Rh1+ 34. Kg3 Rg1+ 35. Kf4 Re1 36. Rg5 Kf7 37. Rxg6 Kxg6 38. Qg5+ Kf7 39. Qh6 Rf1 40. g5 1-0

[Event "Late-Titled-Tuesday-Blitz-April-02-2024"]
[Site "Chess.com"]
[Date "2024.04.02"]
[Round "9"]
[White "HipsterChess22"]
[Black "misterlamine"]
[Result "0-1"]
[WhiteElo "2183"]
[BlackElo "2433"]
[TimeControl "180+1"]
[EndTime "15:43:01 PDT"]
[Termination "misterlamine won on time"]

1. d4 d5 2. Nc3 Nf6 3. Bf4 e6 4. Nb5 Na6 5. e3 Bd6 6. Nxd6+ cxd6 7. c3 O-O 8. h3 Nc7 9. Bg5 h6 10. Bh4 e5 11. Bd3 Qe7 12. Ne2 Ne6 13. O-O Bd7 14. Bc2 Bc6 15. Bb3 Rfd8 16. Bg3 Ng5 17. Re1 Nge4 18. f3 Nxg3 19. Nxg3 a5 20. a4 Nh7 21.
Qd2 Qg5 22. Qf2 f5 23. e4 f4 24. exd5 Bd7 25. Ne4 Qg6 26. dxe5 Bxh3 27. Bc2 Bf5 28.
e6 Kh8 29. Kf1 Qh5 30. Rad1 Rac8 31. Ke2 Bxe4 32. Bxe4 Nf6 33. Qd4 Rc5 34. Rh1 Qg5 35. Rh2 Rdc8 36. Rdh1 Rc4 37. Qd2 Nxe4 38. fxe4 Rxe4+ 39. Kd1 Qg4+ 40. Kc1 Re2 41. Qd1 f3 42. gxf3 Qf4+ 43.
Kb1 Rxh2 44. Rxh2 Qxh2 0-1

[Event "Late-Titled-Tuesday-Blitz-April-02-2024"]
[Site "Chess.com"]
[Date "2024.04.02"]
[Round "9"]
[White "carloseduar100"]
[Black "guillembaches"]
[Result "1/2-1/2"]
[WhiteElo "2252"]
[BlackElo "2577"]
[TimeControl "180+1"]
[EndTime "15:43:03 PDT"]
[Termination "Game drawn by repetition"]

1. g3 d5 2. Bg2 Nf6 3. Nf3 e6 4. O-O Be7 5. d4 O-O 6. c3 b6 7.
Nbd2 Bb7 8. Re1 Nbd7 9. e4 dxe4 10. Ng5 c5 11. Ngxe4 Nxe4 12. Nxe4 cxd4 13. cxd4 Bd5 14. Bf4 Nf6 15. Rc1 Nxe4 16. Bxe4 Bxe4 17. Rxe4 Rc8 18. Rxc8 Qxc8 19. d5 Qb7 20. Rd4 Bf6 21. Rd2 exd5 22. Rxd5 Bxb2 23. Rd7 Qa6 24. Qd5 Bf6 25. Bd6 Rc8 26. Qxf7+ Kh8 27. Rc7 Rd8 28. Rd7 Rc8 29. Bf4 Qe2 30. Qd5 h6 31. h4 Qe8 32. Qd2 Rd8 33. Rxd8 Qxd8 34. Qxd8+ Bxd8 35. h5 Kg8 36. Kf1 Kf7 37. Ke2 Bf6 38. Kd3 Ke6 39. g4 Kd5 40. f3 b5 41. Bc7 a6 42. Ba5 Kc6 43. Bb4 Kd5 44. Bf8 Ke5 45. Ke3 Kd5 46. Kd3 Ke5 47. Ke3 Kd5 48. Kd3 1/2-1/2

[Event "Late-Titled-Tuesday-Blitz-April-02-2024"]
[Site "Chess.com"]
[Date "2024.04.02"]
[Round "9"]
[White "Heliosis11"]
[Black "PotapovaM"]
[Result "1-0"]
[WhiteElo "2425"]
[BlackElo "2531"]
[TimeControl "180+1"]
[EndTime "15:43:03 PDT"]
[Termination "Heliosis11 won on time"]

1. e4 c5 2. Nf3 d6 3. Bb5+ Nd7 4. d4 cxd4 5. Qxd4 a6 6. Bxd7+ Bxd7 7. O-O e5 8. Qd3 h6 9. c4 b5 10. Nc3 bxc4 11. Qxc4 Be6 12. Nd5 Rc8 13. Qd3 Nf6 14. Nd2 Bxd5 15. exd5 Be7 16. Nc4 O-O 17. Be3 Qc7 18.
Rac1 Qb7 19. Nb6 Rb8 20. Rc6 Bd8 21. Rxd6 Bc7 22. Rc6 Rfd8 23. Qb3 a5 24. Rfc1 a4 25. Qxa4 Bxb6 26. Rxb6 Qxd5 27. Rxb8 Rxb8 28. b3 Rd8 29. h3 Qd3 30. Qc4 Qf5 31. a4 Nd5 32. Qc5 Nxe3 33.
Qxe3 Rd4 34. a5 Re4 35. Qc3 Qg5 36. a6 Re2 37. a7 Qf4 38. Rf1 Qe4 39. Qc8+ Kh7 40.
a8=Q 1-0

[Event "Late-Titled-Tuesday-Blitz-April-02-2024"]
[Site "Chess.com"]
[Date "2024.04.02"]
[Round "9"]
[White "chess_sharparchitect"]
[Black "Walter_White_Poland"]
[Result "0-1"]
[WhiteElo "2285"]
[BlackElo "2430"]
[TimeControl "180+1"]
[EndTime "15:43:05 PDT"]
[Termination "Walter_White_Poland won on time"]

1. c4 g6 2. Nc3 Bg7 3. e4 d6 4.
d4 Nd7 5. Be3 e6 6. Nf3 Ne7 7. h4 h6 8. Qd2 a6 9. Bd3 b6 10.
O-O-O b5 11. cxb5 axb5 12. Bxb5 Ba6 13. Ba4 c6 14. Kb1 Nb6 15. Bb3 Bc4 16. e5 d5 17. g4 Bxb3 18. axb3 Qb8 19. Kc2 c5 20. dxc5 Nd7 21. Bd4 Nc6 22. Rhe1 Nb4+ 23. Kc1 Ra1+ 24. Nb1 O-O 25. Qf4 Rc8 26. Kd2 Nxc5 27. Nc3 Nxb3+ 28.
Ke2 Rxd1 29. Rxd1 Nc2 30. Kf1 Rc4 31. Ne2 Qb4 32. Bc3 Rxf4 33. Bxb4 Rxb4 34. Rd3 Nca1 35.
g5 h5 36. Rc3 Rb8 37. Nf4 Bf8 38. Nd3 Na5 39. Ra3 N1b3 40. Ra4 Be7 41. Rf4 Nc5 42. Nxc5 Bxc5 43. Ra4 Bb4 44. Kg2 Nc4 45. Nd4 Nxb2 46.
Ra7 Bc5 47. Nc6 Bxa7 0-1